Map: Eternal Empire LE

Players

SortOf - Winner!

  • Race: Zerg Zerg
  • League: Grandmaster
  • Spawn Location: 7:00

Kas

  • Race: Terran Terran
  • League: Grandmaster
  • Spawn Location: 1:00

Event: DreamHack SC2 Masters 2020 Fall

VOD

Have the link to the VOD?

Description

Time

  • Played on: Sept. 6, 2020, 2:21 p.m.
  • Length: 17:07

All games in this series

Show
View Real Time Build Order
Export as new Build Order

SortOf Zerg - Winner!

Build Orders: Hatch First 

Get SALT Encoding   

  12  0:00  Drone  
  13  0:12  Overlord  
  13  0:17  Drone  
  14  0:30  Drone x2  
  16  0:48  Hatchery  
  15  0:51  Drone  
  15  0:54  Drone  
  17  0:58  Drone  
  18  1:09  Extractor  
  17  1:13  Spawning Pool  
  17  1:16  Drone  
  17  1:20  Drone  
  18  1:27  Drone  
  19  1:38  Drone  
  20  1:49  Drone  
  21  2:00  Queen x2  
  21  2:01  Zergling x2, Overlord  
  26  2:11  Zergling x2  
  26  2:12  Drone, Metabolic Boost  
  28  2:21  Drone x2  
  30  2:33  Drone  
  30  2:36  Queen  
  32  2:39  Overlord  
  32  2:46  Drone x2  
  34  2:56  Drone  
  35  3:00  Hatchery  
  35  3:02  Drone  
  35  3:04  Overlord  
  35  3:06  Drone  
  35  3:08  Drone x2  
  35  3:10  Drone  
  39  3:14  Drone x2  
  39  3:18  Drone x2  
  43  3:25  Queen  
  45  3:28  Zergling x4  
  45  3:30  Drone  
  48  3:35  Queen  
  50  3:41  Baneling Nest  
  50  3:45  Overlord  
  50  3:47  Drone  
  50  3:48  Drone  
  50  3:50  Overlord  
  51  4:03  Queen, Drone x4  
  51  4:09  Zergling x2  
  58  4:13  Zergling x4  
  58  4:15  Drone x2  
  62  4:18  Extractor  
  62  4:20  Drone x2  
  62  4:21  Evolution Chamber, Drone  
  62  4:22  Evolution Chamber  
  62  4:28  Overlord  
  62  4:29  Drone  
  62  4:30  Overlord, Spore Crawler  
  61  4:33  Zergling x2  
  62  4:39  Spore Crawler, Drone x2  
  62  4:42  Baneling x2  
  62  4:43  Spore Crawler  
  63  4:45  Drone  
  63  4:50  Baneling  
  63  4:51  Zergling x12  
  69  4:56  Zerg Ground Armor Level 1  
  69  4:58  Drone x2  
  71  5:02  Drone x3  
  71  5:04  Baneling x3  
  71  5:16  Drone x5  
  71  5:17  Queen  
  68  5:24  Zergling x2  
  68  5:25  Drone x2  
  68  5:31  Lair  
  68  5:32  Overlord  
  68  5:35  Drone x6  
  74  5:39  Overlord  
  74  5:44  Extractor x2  
  74  5:46  Zergling x2  
  74  5:48  Zergling x2  
  74  5:51  Zergling x4  
  74  5:53  Hatchery  
  74  5:55  Drone x2  
  77  5:57  Zergling x6  
  80  6:07  Drone x2  
  80  6:08  Drone  
  80  6:10  Drone  
  80  6:11  Queen  
  78  6:12  Hatchery  
  78  6:14  Drone  
  76  6:19  Drone x4  
  76  6:22  Queen  
  76  6:23  Drone  
  82  6:31  Centrifical Hooks  
  82  6:32  Zerg Melee Weapons Level 1  
  82  6:34  Overlord  
  82  6:40  Overlord, Extractor  
  80  6:55  Drone x10  
  80  6:59  Pneumatized Carapace  
  90  7:07  Zergling x12  
  96  7:09  Overlord  
  96  7:12  Overlord  
  95  7:16  Hydralisk Den, Drone x3  
  95  7:19  Overlord  
  97  7:26  Overlord x2  
  97  7:28  Zergling x12, Baneling  
  97  7:29  Baneling x11  
  104  7:37  Overlord, Drone x2  
  104  7:39  Zergling x8  
  109  7:46  Zergling x6  
  109  7:50  Grooved Spines, Hydralisk  
  114  7:53  Zerg Ground Armor Level 2  
  114  7:57  Hydralisk  
  116  8:01  Hydralisk x3  
  116  8:02  Overseer  
  122  8:08  Hatchery, Unknown  
  122  8:10  Hydralisk x4  
  128  8:15  Drone x2  
  128  8:16  Drone  
  130  8:24  Hydralisk x4  
  138  8:29  Baneling x3  
  138  8:32  Zergling x24  
  150  8:39  Zergling x14  
  157  8:43  Unknown  
  155  8:50  Zergling x4  
  155  8:51  Overlord  
  150  9:01  Zergling x12  
  150  9:02  Zergling x6  
  148  9:13  Zerg Melee Weapons Level 2  
  148  9:14  Muscular Augments  
  148  9:16  Infestation Pit, Baneling x4  
  148  9:17  Baneling x8  
  147  9:18  Zergling x10  
  147  9:21  Overlord  
  147  9:22  Zergling x2  
  147  9:23  Zergling x8  
  157  9:26  Zergling x4  
  157  9:27  Baneling x6  
  159  9:35  Queen  
  159  9:38  Zergling x14  
  165  9:55  Hydralisk x3  
  171  10:00  Hive  
  170  10:07  Zergling x4  
  170  10:08  Overlord x5  
  170  10:10  Zerg Missile Weapons Level 1  
  172  10:21  Overlord  
  171  10:27  Hydralisk x13  
  197  10:32  Drone x3  
  198  10:38  Overseer x2  
  197  10:43  Baneling x11  
  197  10:46  Drone x3  
  198  11:15  Overlord  
  198  11:17  Adrenal Glands  
  198  11:29  Zerg Ground Armor Level 3  
  198  11:44  Overlord  
  198  11:45  Extractor  
  198  11:46  Extractor  
  196  11:50  Viper  
  193  12:02  Baneling  
  193  12:03  Baneling x9  
  193  12:07  Zergling x14  
  198  12:16  Baneling x9  
  198  12:24  Ultralisk Cavern  
  198  12:25  Zerg Melee Weapons Level 3, Extractor  
  196  12:35  Spore Crawler  
  196  12:36  Spine Crawler  
  194  12:38  Viper  
  194  12:40  Zergling x4  
  199  12:51  Hatchery  
  185  12:59  Zergling x24  
  185  13:00  Zergling x14  
  185  13:04  Zergling x8  
  200  13:16  Zergling x4  
  200  13:19  Baneling x6  
  199  13:20  Zergling x2  
  199  13:21  Zergling x4  
  198  13:29  Baneling x3  
  198  13:30  Baneling x8  
  181  13:36  Zergling x30  
  181  13:40  Zergling x14  
  152  13:49  Zergling x10  
  152  13:51  Baneling x10  
  152  13:52  Chitinous Plating  
  152  13:53  Ultralisk x3  
  175  13:57  Zergling x2  
  175  13:58  Zergling x6  
  175  14:00  Zergling x2, Overseer  
  175  14:01  Hatchery  
  179  14:03  Zergling x6  
  179  14:08  Zergling x2  
  183  14:23  Ultralisk x2  
  192  14:24  Extractor  
  190  14:32  Baneling x14  
  190  14:34  Hatchery  
  188  14:59  Unknown  
  182  15:15  Zergling x32  
  182  15:16  Zergling x4  
  197  15:23  Zergling x2  
  197  15:24  Zergling x6  
  197  15:25  Baneling x6  
  192  15:40  Zergling x26  
  167  15:49  Zergling x20, Ultralisk x2  
  166  15:56  Ultralisk x4  
  190  15:59  Queen  
  190  16:01  Viper  
  190  16:03  Drone x5  
  200  16:06  Unknown  
  200  16:08  Baneling  
  199  16:24  Baneling  
  199  16:25  Baneling x5  
  192  16:36  Zergling x24  
  199  16:44  Baneling x14  
Show
View Real Time Build Order
Export as new Build Order

Kas Terran 

Build Orders: Hellion Opening, Reaper Expand 

Get SALT Encoding   

  12  0:00  SCV  
  13  0:12  SCV  
  14  0:17  Supply Depot  
  14  0:24  SCV  
  15  0:39  SCV, Barracks  
  16  0:44  Refinery  
  16  0:51  SCV  
  17  1:03  SCV  
  18  1:15  SCV  
  19  1:27  Orbital Command  
  19  1:28  Reaper  
  20  1:40  Command Center  
  20  1:50  Supply Depot  
  20  1:53  SCV  
  21  1:59  Marine  
  22  2:05  SCV  
  23  2:09  Factory  
  23  2:16  Refinery  
  23  2:17  SCV  
  23  2:22  Barracks Reactor  
  24  2:34  SCV  
  25  2:46  SCV  
  26  2:55  Starport  
  27  3:00  Orbital Command  
  27  3:02  Hellion x2  
  30  3:06  SCV  
  30  3:10  Barracks Tech Lab  
  31  3:18  SCV  
  32  3:23  Hellion x2  
  36  3:28  SCV  
  36  3:30  SCV  
  36  3:33  Viking  
  40  3:36  Supply Depot  
  40  3:40  SCV, Marauder  
  43  3:42  SCV  
  44  3:50  Hellion  
  46  3:57  SCV x2  
  46  3:58  Hellion  
  50  4:05  Medivac  
  50  4:06  Marauder  
  54  4:11  Concussive Shells  
  54  4:12  Armory  
  54  4:17  Supply Depot  
  54  4:21  SCV x2  
  56  4:25  Hellion x2  
  60  4:34  SCV x2  
  62  4:39  Liberator  
  62  4:42  Supply Depot  
  65  4:46  SCV x2, Hellion  
  69  4:58  SCV  
  70  5:08  SCV, Marine  
  70  5:09  Stimpack  
  70  5:10  SCV  
  71  5:16  Command Center  
  61  5:26  SCV  
  58  5:29  Marine  
  58  5:31  SCV  
  60  5:38  SCV, Supply Depot, Engineering Bay x2, Barracks  
  60  5:40  Barracks  
  60  5:42  Starport Reactor  
  61  5:45  SCV  
  61  5:47  Factory Tech Lab  
  62  5:52  SCV  
  62  5:54  Marine  
  64  5:58  SCV  
  64  6:04  SCV, Terran Infantry Weapons Level 1, Refinery x2, Terran Infantry Armor Level 1  
  63  6:10  SCV  
  65  6:17  SCV  
  64  6:20  Marine  
  64  6:21  Siege Tank  
  64  6:22  SCV  
  62  6:27  Starport Reactor  
  62  6:29  SCV, Orbital Command  
  63  6:34  SCV, Marine  
  63  6:35  Marine  
  63  6:36  Barracks x2  
  63  6:37  Marine  
  63  6:38  Marine  
  68  6:41  SCV  
  68  6:43  Marine  
  68  6:46  SCV  
  71  6:52  Orbital Command, Marine  
  71  6:53  SCV, Marine  
  74  6:55  Marine x2  
  74  6:57  Siege Tank  
  74  7:00  SCV, Combat Shield, Marine  
  81  7:05  SCV  
  81  7:07  Medivac  
  81  7:08  Medivac  
  86  7:10  Marine  
  86  7:11  Marine  
  86  7:12  SCV  
  86  7:13  Marine x2  
  91  7:17  SCV  
  91  7:18  Marine  
  91  7:22  SCV  
  94  7:26  SCV  
  94  7:27  Barracks Reactor x2, Hellion  
  94  7:28  Drilling Claws, Marine x2  
  95  7:30  SCV, Marine, Factory  
  95  7:31  Marine  
  95  7:34  SCV, Supply Depot  
  95  7:35  Supply Depot  
  95  7:36  Supply Depot, Marine  
  100  7:38  SCV  
  100  7:42  Bunker, Missile Turret  
  101  7:55  Supply Depot, Marine x5  
  101  7:56  Supply Depot, Siege Tank  
  101  7:57  Supply Depot, Medivac  
  101  7:58  Supply Depot  
  111  8:03  Marine x2  
  113  8:08  Supply Depot  
  113  8:09  Supply Depot  
  113  8:13  Marine x3  
  113  8:14  Supply Depot  
  113  8:16  Factory Reactor, Marine x3  
  113  8:17  Marine  
  113  8:19  SCV  
  121  8:21  Marine x2  
  122  8:31  Marine  
  122  8:32  Marine x2  
  122  8:33  Siege Tank  
  128  8:34  Marine x2  
  128  8:37  Command Center  
  128  8:44  Marine x4  
  132  8:49  Marine  
  132  8:50  Marine  
  132  8:52  Marine x2  
  137  9:01  Marine  
  137  9:02  Marine  
  128  9:05  SCV x2  
  128  9:09  Siege Tank  
  132  9:10  Marine x6  
  132  9:11  SCV  
  132  9:13  Refinery x2  
  132  9:15  Barracks  
  139  9:17  SCV x2, Medivac x2, Siege Tank  
  139  9:19  Marine, Barracks  
  139  9:20  Marine  
  139  9:21  Terran Infantry Weapons Level 2  
  150  9:28  Terran Infantry Armor Level 2, Marine x4  
  150  9:30  Terran Vehicle Weapons Level 1, Marine  
  150  9:31  Marine x3  
  157  9:36  Supply Depot  
  157  9:37  Supply Depot, Marine x2  
  160  9:46  Marine  
  160  9:49  Marine x3  
  160  9:50  Marine x2, Siege Tank  
  169  9:58  Marine x2  
  171  10:05  Barracks Reactor  
  171  10:07  Barracks Reactor, Marine  
  171  10:08  Marine x6  
  171  10:09  Marine  
  171  10:10  Medivac x2, Siege Tank  
  186  10:16  Marine x2  
  188  10:24  Marine  
  188  10:26  Marine x6  
  188  10:27  Marine  
  196  10:34  Marine x2  
  198  10:39  Planetary Fortress  
  198  10:40  SCV x2  
  200  10:57  Marine  
  196  10:59  Marine  
  190  11:05  Marine x5  
  190  11:06  Marine x4  
  190  11:09  Marine x3  
  184  11:14  Marine  
  184  11:17  Marine, Siege Tank x2  
  191  11:19  Barracks  
  191  11:20  Barracks  
  191  11:21  Barracks  
  191  11:23  Command Center, Marine x5  
  191  11:24  Marine, Sensor Tower  
  197  11:40  Terran Infantry Weapons Level 3  
  197  11:41  Terran Vehicle Weapons Level 2  
  197  11:42  Marine x2  
  197  11:49  Terran Infantry Armor Level 3  
  197  11:59  Medivac x2  
  195  12:06  Marine x3  
  195  12:08  Marine x6  
  198  12:09  Marine x2  
  198  12:10  Marine x2  
  198  12:14  Marine  
  199  12:21  Marine  
  200  12:29  Command Center, Barracks Tech Lab x2  
  193  13:00  Marine x10  
  193  13:01  Siege Tank  
  195  13:07  Marine x2  
  195  13:08  Marine  
  195  13:10  Marine  
  195  13:11  Marine  
  195  13:26  Marine  
  195  13:27  Marine x7  
  197  13:41  Marine x9  
  147  13:43  Siege Tank x2  
  147  13:44  Marine x5  
  147  13:47  Marine x2  
  147  13:48  Marine  
  169  13:49  Planetary Fortress  
  169  13:51  SCV  
  170  13:59  Marine x9  
  170  14:01  Command Center  
  170  14:02  Marine x2  
  180  14:03  Marine  
  180  14:04  Marine  
  180  14:09  Marine  
  184  14:14  Marine x2  
  184  14:15  Medivac x2, Siege Tank  
  184  14:16  Siege Tank  
  196  14:19  Marine x2  
  196  14:23  Marine  
  199  14:25  Marine x2  
  199  14:29  Marine  
  199  14:40  Marine  
  199  14:45  Command Center  
  200  14:50  Marine  
  200  14:57  Neosteel Armor  
  200  14:58  Hi-Sec Auto Tracking  
  200  15:00  Command Center  
  198  15:24  Marauder  
  198  15:25  Marauder, Barracks Tech Lab  
  136  15:46  Marauder  
  102  15:51  Marauder x2, Marine x11  
  102  15:52  Siege Tank x2  
  102  15:53  Medivac x2  
  102  15:55  Marine x2  
  128  15:59  Marine  
  129  16:07  Marauder  
  129  16:09  Marine x2  
  129  16:10  Marine x9  
  142  16:12  Marauder x2  
  142  16:13  Marine x2  
  142  16:17  Marine  
  148  16:23  Sensor Tower  
  148  16:29  Marauder, Siege Tank x2  
  151  16:44  Marauder x2  

Tags
 
Add a new tag
Caveats
  • Supply blocks, unpowered buildings, or Contaminate may cause inaccurate times.
  • Supply counts are checked every 10 seconds.